 Dungeon Crawl Stone Soup version 0.28-a0-1510-gd0f6b136d3 (webtiles) character file.

Game seed: 12483025914568680829

41 Hasart the Insei (level 3, 0/23 HPs)
             Began as an Octopode Transmuter on Jan 14, 2022.
             Slain by a ball python (1 damage)
             ... on level 1 of the Dungeon.
             The game lasted 00:01:40 (1873 turns).

Hasart the Insei (Octopode Transmuter)              Turns: 1873, Time: 00:01:41

Health: 0/23       AC:  1    Str:  9    XL:     3   Next: 52%
Magic:  6/6        EV: 10    Int: 17    God:
Gold:   51         SH:  0    Dex: 12    Spells: 5/6 levels left

rFire   . . .      SeeInvis .     - Unarmed
rCold   . . .      Faith    .   (no shield)
rNeg    . . .      Spirit   .   (helmet restricted)
rPois   .          Reflect  .   (no amulet)
rElec   .          Harm     .   (no ring)
rCorr   .          Rampage  .   (no ring)
Will    .....                   (no ring)
Stlth   ++........              (no ring)
HPRegen 0.07/turn               (no ring)
MPRegen 0.10/turn               (no ring)
                                (no ring)
                                (no ring)

@: constricted
A: almost no armour, amphibious, 8 rings, camouflage 1, gelatinous body 1,
(nimble swimmer 1), tentacles
a: no special abilities


You were on level 1 of the Dungeon.
You visited 1 branch of the dungeon, and saw 2 of its levels.

You collected 51 gold pieces.

Inventory:

Missiles
 c - 2 poisoned darts (quivered)
Scrolls
 a - a scroll of immolation {unknown}
 d - a scroll of enchant armour {unknown}
 f - 2 scrolls of noise {unknown}
Potions
 b - a potion of mutation {unknown}
 e - a potion of curing {unknown}


   Skills:
 + Level 1.6 Fighting
 + Level 0.2 Throwing
 + Level 2.3 Dodging
 * Level 3.5 Unarmed Combat
 + Level 2.2 Spellcasting
 + Level 2.3 Transmutations


You had 5 spell levels left.
You knew the following spells:

 Your Spells              Type           Power      Damage    Failure   Level
a - Beastly Appendage     Tmut           18%        N/A       8%          1

Your spell library contained the following spells:

 Spells                   Type           Power      Damage    Failure   Level
 Wereblood                Tmut           9%         N/A       11%         2
 Slow                     Hex            4%         N/A       19%         1
 Spider Form              Tmut/Pois      5%         N/A       34%         3
 Confusing Touch          Hex            1%         N/A       50%         3
 Vampiric Draining        Necr           1%         2d6       50%         3
 Ice Form                 Ice/Tmut       5%         N/A       75%         4


Dungeon Overview and Level Annotations

Branches:
Dungeon (2/15)

Altars:


Innate Abilities, Weirdness & Mutations

You cannot wear most types of armour.
You are amphibious.
You can wear up to eight rings at the same time.
Your skin changes colour to match your surroundings (Stealth+).
Your rubbery body absorbs attacks. (AC +1, EV +1)
((You are camouflaged when in or above water. (Stealth+)))
You have tentacles for arms and can constrict up to eight enemies at once.


Message History

The bat misses you.
You barely miss the bat. Your grab misses the bat.
You pierce the bat.
The bat is severely wounded.
The bat hits you but does no damage. The bat hits you.
You barely miss the bat. Your grab misses the bat.
You pierce the bat, but do no damage.
The bat is severely wounded.
The bat closely misses you.
You tentacle-slap the bat.
You kill the bat!
You see here a bat corpse.
Your tentacle spike disappears.
Items here: )) †††.
The ball python hisses angrily.
You closely miss the ball python. Your grab misses the ball python.
Your tentacle-slap misses the ball python.
The ball python bites you. The ball python barely misses you.
You closely miss the ball python. Your grab misses the ball python.
The ball python closely misses you. The ball python grabs you.
The ball python constricts you.
You closely miss the ball python. Your grab misses the ball python.
The ball python bites you. The ball python constricts you.
The ball python closely misses you. The ball python constricts you.
A kobold comes into view. It is wielding a +0 dagger.
The kobold shouts!
You tentacle-slap the ball python but do no damage.
Your grab misses the ball python. The ball python bites you.
* * * LOW HITPOINT WARNING * * *
The ball python constricts you.
* * * LOW HITPOINT WARNING * * *
You tentacle-slap the ball python. Your grab misses the ball python.
The ball python is moderately wounded.
The ball python bites you.
* * * LOW HITPOINT WARNING * * *
The ball python constricts you.
* * * LOW HITPOINT WARNING * * *
You tentacle-slap the ball python. Your grab misses the ball python.
The ball python is heavily wounded.
The ball python bites you.
You die...

### ## #.# .. #$.... ..
###.#.## .r #.....$# .#
#.###.# ###†)†#.#
#..###.###.#.#.#
#...KS@....†...#
#....#.#..†############
####>..................
#######.############
#.# #.# #.# #.# #..


You could see a ball python and a kobold.

Vanquished Creatures
  An adder (D:2)
  A worm (D:2)
  6 bats
  3 endoplasms (D:1)
  3 giant cockroaches
  2 hobgoblins
  2 jackals (D:1)
  A quokka (D:1)
  2 ball pythons
  2 goblins
  2 kobolds (D:1)
  3 rats
28 creatures vanquished.

Notes
Turn   | Place    | Note
-------+----------+-------------------------------------------
     0 | D:1      | Hasart the Octopode Transmuter began the quest for the Orb.
     0 | D:1      | Reached XP level 1. HP: 13/13 MP: 3/3
   321 | D:1      | Found a faded altar of an unknown god.
   359 | D:1      | Reached XP level 2. HP: 18/18 MP: 5/5
   490 | D:1      | You fall into a shaft and drop 1 floor!
   992 | D:2      | Reached XP level 3. HP: 14/23 MP: 3/6
  1872 | D:1      | HP: 1/23 [constriction (1)]
  1873 | D:1      | Slain by a ball python

Illustrated notes

Levels and vault maps discovered:
D:1:      dpeg_arrival_radiant, layout_basic, basic_ecumenical_altar,
          minmay_indecisive_spiral
D:2:      layout_loops_corners

Action                   || total
-------------------------++-------
Melee: Unarmed           ||    74
       Tentacles         ||    14
       Constrict         ||    16
       Kick              ||     9
Throw: Dart              ||     2
 Cast: Beastly Appendage ||     4
 Stab: Sleeping          ||     1
Armor: Skin              ||     9
Dodge: Dodged            ||    49

Table legend: (Time is in decaauts)
 A = Elapsed time spent in this place.
 B = Non-inter-level travel time spent in this place.
 C = Inter-level travel time spent in this place.
 D = Time resting spent in this place.
 E = Time spent auto-exploring this place.
 F = Levels seen in this place.
 G = Mean time per level.
                   A        B        C        D        E       F      G
               +--------+--------+--------+--------+--------+-----+--------+
         Total |   1869 |   1831 |     38 |      0 |   1624 |   2 |  934.5 |
       Dungeon |   1869 |   1831 |     38 |      0 |   1624 |   2 |  934.5 |
               +--------+--------+--------+--------+--------+-----+--------+

Top non-repeatable levels by time:
     D:2: 1112 daAuts
     D:1: 756 daAuts
